 Dungeon Crawl Stone Soup version 0.18.1-5-g4a78601 (webtiles) character file.

5125 dorian the Martial Artist (level 10, -6/84 HPs)
             Began as a Black Draconian Transmuter on May 9, 2016.
             Was a Believer of Cheibriados.
             Mangled by a snapping turtle (13 damage)
             ... on level 8 of the Dungeon.
             The game lasted 00:28:35 (9896 turns).

dorian the Martial Artist (DrTm)                    Turns: 9896, Time: 00:28:36

Health: -6/84      AC: 12    Str: 19    XL:     10   Next: 32%
Magic:  0/13       EV: 13    Int: 21    God:    Cheibriados [**....]
Gold:   475        SH:  0    Dex: 22    Spells: 4 memorised, 1 level left

rFire  + . .     SeeInvis .       - Unarmed
rCold  + . .     Gourm    .     (armour unavailable)
rNeg   . . .     Faith    .     (no shield)
rPois  .         Spirit   +     (helmet restricted)
rElec  +         Dismiss  .     o - +1 cloak
rCorr  .         Reflect  .     D - +2 pair of gloves
SustAt .         Harm     .     (no boots)
MR     .....                    j - amulet of guardian spirit
Stlth  ++........               H - ring of protection from cold
                                y - +3 ring of dexterity

@: about to teleport, appendage, very slow, not resistant to hostile
enchantments, unstealthy
A: breathe lightning, unfitting armour, horns 2, blurry vision 1, fire
resistance 1, low mp 1, electricity resistance, cold-blooded, AC +7
a: Breathe Lightning, End Transformation, Bend Time, Renounce Religion


You were on level 8 of the Dungeon.
You worshipped Cheibriados.
Cheibriados was pleased with you.
You were not hungry.
You had grown temporary horns.
You visited 2 branches of the dungeon, and saw 10 of its levels.

You collected 475 gold pieces.

Inventory:

Missiles
 a - 99 arrows
Armour
 o - a +1 cloak (worn)
 D - a +2 pair of gloves (worn)
Magical Staves
 E - an uncursed staff of earth
Jewellery
 g - a +2 amulet of reflection
 j - an amulet of guardian spirit (around neck)
 y - a +3 ring of dexterity (left hand)
 G - an uncursed ring of stealth
 H - a ring of protection from cold (right hand)
Wands
 B - a wand of digging (0/24)
 I - a wand of flame (39/48)
Scrolls
 d - 2 scrolls of remove curse
 f - a scroll of amnesia
 i - a scroll of magic mapping
 k - 4 scrolls of teleportation
 l - 4 scrolls of identify
 C - a scroll of fog
 J - a scroll of recharging {unknown}
 L - a scroll of brand weapon {unknown}
Potions
 e - 2 potions of might {unknown}
 h - a potion of degeneration {unknown}
 q - 2 potions of flight {unknown}
 r - 2 potions of brilliance {unknown}
 s - 2 potions of curing
 u - 2 potions of cancellation {unknown}
 v - 2 potions of cure mutation {unknown}
 w - a potion of lignification {unknown}
 x - 4 potions of haste
 z - a potion of mutation {unknown}
 A - a potion of resistance
 K - a potion of ambrosia {unknown}
Books
 b - a book of Changes

   Spells                             Type                      Level
   a - Beastly Appendage              Transmutation                1
   b - Sticks to Snakes               Transmutation                2
   c - Spider Form                    Transmutation/Poison         3
   d - Ice Form                       Ice/Transmutation            4
   e - Blade Hands                    Transmutation                5
 t - a book of Beasts

   Spells                             Type                      Level
   a - Summon Butterflies             Summoning                    1
   b - Call Canine Familiar           Summoning                    3
   c - Summon Ice Beast               Ice/Summoning                4
   d - Summon Mana Viper              Hexes/Summoning              5
   e - Summon Hydra                   Summoning                    7
 F - a book of Annihilations

   Spells                             Type                      Level
   a - Poison Arrow                   Conjuration/Poison           6
   b - Chain Lightning                Conjuration/Air              8
   c - Lehudib's Crystal Spear        Conjuration/Earth            8
   d - Glaciate                       Conjuration/Ice              9
   e - Fire Storm                     Conjuration/Fire             9
Comestibles
 c - 4 bread rations
 m - 6 meat rations
 p - 4 fruits


   Skills:
 + Level 6.7 Fighting
 - Level 1.7 Dodging
 - Level 10.0 Unarmed Combat
 - Level 2.2 Spellcasting
 + Level 7.7 Transmutations
 + Level 2.0 Ice Magic
 * Level 7.2 Invocations


You had one spell level left.
You knew the following spells:

 Your Spells              Type           Power        Failure   Level  Hunger
a - Beastly Appendage     Trmt           ####..       1%          1    #......
b - Blade Hands           Trmt           ####......   21%         5    ######.
c - Sticks to Snakes      Trmt           ####....     1%          2    ##.....
d - Ice Form              Ice/Trmt       ###.....     24%         4    #####..


Dungeon Overview and Level Annotations

Branches:
Dungeon (9/15)             Temple (1/1) D:6
   Lair: D:8-11         Orc: D:9-12

Altars:
Ashenzari
Cheibriados
Dithmenos
Elyvilon
Fedhas
Gozag
Kikubaaqudgha
Makhleb
Nemelex Xobeh
Okawaru
Pakellas
Qazlal
Ru
Vehumet
Xom
Yredelemnul
Zin
The Shining One


Innate Abilities, Weirdness & Mutations

You can breathe wild blasts of lightning.
Your glossy black scales are hard (AC +7).
Your body does not fit into most forms of armour.
You are resistant to electric shocks.
You are cold-blooded and may be slowed by cold attacks.
You have a pair of horns on your head.
Scrolls take you a little longer to read.
Your flesh is heat resistant.
Your magical capacity is low (-10% MP).


Message History

* * * LOW HITPOINT WARNING * * *
Drink which item? (? for menu, Esc to quit)
You feel much better. The snapping turtle barely misses you.
You punch the snapping turtle!
The snapping turtle is moderately wounded.
The snapping turtle bites you!!
* * * LOW HITPOINT WARNING * * *
Drink which item? (? for menu, Esc to quit)
You feel much better. The snapping turtle bites you!
* * * LOW HITPOINT WARNING * * *
Read which item? (? for menu, Esc to quit)
Really read with blurry vision while enemies are nearby?
You begin reading the scroll.
You continue reading the scroll.
The snapping turtle bites you!!
* * * LOW HITPOINT WARNING * * *
As you read the scroll of teleportation, it crumbles to dust.
You feel strangely unstable.
Unknown command.
The snapping turtle bites you from afar!
You die...

..#.....#.........#.......#
..#.....#.........#.......#
..#.....#.........#.......#
........#.........#.......#######
......###.........#..............
#...[.# #.........#####...#######
#.....# #........................
####### ##'#############..#####..
##....t.@.......>........
#≈###.#####≈######≈#≈#≈##
##≈#≈≈≈###≈#≈≈≈≈≈≈≈≈#####
#≈≈≈≈t;####≈≈≈≈≈≈≈≈≈≈≈≈
#≈≈≈≈≈≈≈≈≈≈≈≈≈≈≈≈≈≈≈≈≈≈≈
##≈≈≈≈≈≈≈≈≈≈≈≈≈≈≈≈≈≈≈≈≈≈≈
#≈≈≈≈≈≈≈≈≈≈≈≈≈≈####≈≈≈≈≈≈
≈≈≈≈≈≈≈...≈≈≈≈≈≈≈≈##≈≈≈≈≈≈
#≈≈≈≈≈≈..P♣.≈≈≈≈≈≈≈≈ ≈≈≈≈≈≈


You could see a snapping turtle.

Vanquished Creatures
  Pikel (D:7)
  Psyche (D:8)
  Prince Ribbit (D:6)
  A spriggan (D:8)
  A hungry ghost (D:8)
  Menkaure (D:6)
  A steam dragon (D:8)
  Edmund (D:5)
  An ice beast (D:7)
  3 slaves (D:7)
  3 orc warriors
  4 sky beasts
  A phantom (D:4)
  2 ogres
  4 centaurs
  Blork the orc (D:6)
  A giant frog (D:9)
  A wyvern skeleton (D:6)
  A water moccasin skeleton (D:8)
  A scorpion (D:4)
  An electric eel (D:8)
  2 crimson imps
  A wasp zombie (D:8)
  5 hounds
  A centaur zombie (D:5)
  5 orc priests
  A giant frog zombie (D:8)
  An iron imp (D:7)
  2 centaur skeletons
  A jelly (D:8)
  8 orc wizards
  Ijyb (D:1)
  2 iguanas
  Natasha (thrice) (D:2)
  6 worker ants
  Robin (D:3)
  A worker ant zombie (D:6)
  A gnoll (D:1)
  A river rat (D:4)
  8 adders
  5 shadow imps
  5 worms
  2 dart slugs
  9 giant geckos
  36 orcs
  15 bats
  8 giant cockroaches
  17 goblins
  14 hobgoblins
  17 jackals
  2 quokkas
  4 ball pythons
  A giant gecko zombie (D:7)
  7 giant newts
  A jackal zombie (D:7)
  5 kobolds
  A quokka skeleton (D:4)
  13 rats
245 creatures vanquished.

Vanquished Creatures (collateral kills)
  Erica (D:8)
  A phantom (D:6)
  A crimson imp (D:8)
  An orc (D:6)
4 creatures vanquished.

Vanquished Creatures (others)
  An ice dragon (D:5)
  A slave (D:7)
  A giant frog skeleton (D:7)
  2 jackals (D:7)
5 creatures vanquished.

Grand Total: 254 creatures vanquished

Notes
Turn   | Place    | Note
--------------------------------------------------------------
     0 | D:1      | dorian the Draconian Transmuter began the quest for the Orb.
     0 | D:1      | Reached XP level 1. HP: 16/16 MP: 3/3
   113 | D:1      | Reached XP level 2. HP: 23/23 MP: 5/5
   440 | D:1      | Reached skill level 4 in Unarmed Combat
   740 | D:1      | Reached XP level 3. HP: 16/28 MP: 4/6
  1082 | D:2      | Noticed Ijyb
  1107 | D:1      | Killed Ijyb
  1107 | D:1      | Reached XP level 4. HP: 28/35 MP: 7/7
  1170 | D:2      | Reached skill level 5 in Unarmed Combat
  1341 | D:2      | Noticed Natasha
  1350 | D:2      | Killed Natasha
  1873 | D:2      | Noticed Natasha
  1879 | D:2      | Killed Natasha
  1879 | D:2      | Reached XP level 5. HP: 40/40 MP: 8/8
  2055 | D:2      | Noticed Natasha
  2063 | D:2      | Killed Natasha
  2621 | D:3      | Reached skill level 6 in Unarmed Combat
  2934 | D:3      | Noticed Robin
  3006 | D:3      | Killed Robin
  3296 | D:3      | Reached XP level 6. HP: 47/47 MP: 9/9
  4418 | D:4      | Reached skill level 7 in Unarmed Combat
  4631 | D:4      | Learned a level 3 spell: Spider Form
  4718 | D:4      | You fall through a shaft for 2 floors!
  4784 | D:5      | Entered Level 5 of the Dungeon
  4829 | D:4      | Your scales start taking on a glossy black colour.
  4829 | D:4      | Reached XP level 7. HP: 48/52 MP: 6/10
  4829 | D:4      | Gained mutation: You are resistant to electric shocks. [Black Draconian growth]
  5339 | D:5      | Reached skill level 8 in Unarmed Combat
  5411 | D:5      | Noticed Edmund
  5424 | D:5      | Killed Edmund
  5639 | D:5      | Learned a level 2 spell: Sticks to Snakes
  5747 | D:5      | Reached XP level 8. HP: 58/61 MP: 9/11
  5947 | D:5      | Found an oddly glowing altar of Pakellas.
  5948 | D:5      | Noticed an ice dragon
  5955 | D:5      | Killed an ice dragon
  6154 | D:6      | Reached skill level 5 in Transmutations
  6244 | D:6      | Reached skill level 9 in Unarmed Combat
  6267 | D:6      | Noticed Blork the orc
  6283 | D:6      | Killed Blork the orc
  6445 | D:6      | Found a shimmering altar of Xom.
  6445 | D:6      | Noticed Prince Ribbit
  6471 | D:6      | Killed Prince Ribbit
  6566 | D:6      | Found a blossoming altar of Fedhas.
  6714 | D:6      | Noticed Menkaure
  6769 | D:6      | Killed Menkaure
  6813 | D:6      | Reached skill level 10 in Unarmed Combat
  6813 | D:6      | Reached XP level 9. HP: 67/71 MP: 9/12
  6819 | D:6      | Learned a level 4 spell: Ice Form
  6826 | D:6      | Found a staircase to the Ecumenical Temple.
  6838 | Temple   | Entered the Ecumenical Temple
  7064 | D:7      | Found a snail-covered altar of Cheibriados.
  7082 | D:7      | Became a worshipper of Cheibriados the Contemplative
  7113 | D:6      | Reached skill level 1 in Invocations
  7117 | D:6      | Gained mutation: Your flesh is heat resistant. [mutagenic meat]
  7118 | D:6      | Gained mutation: Your muscles are strong. (Str +2) [mutagenic meat]
  7119 | D:6      | Gained mutation: You evolve. [mutagenic meat]
  7120 | D:6      | Lost mutation: Your muscles are strong. (Str +2) [mutagenic meat]
  7121 | D:6      | Gained mutation: Scrolls take you a little longer to read. [mutagenic meat]
  7295 | D:5      | Gained mutation: Your magical capacity is low (-10% MP). [evolution]
  7295 | D:5      | Lost mutation: You evolve. [end of evolution]
  7688 | D:7      | Found an ancient bone altar of Kikubaaqudgha.
  7688 | D:7      | Found an opulent altar of Gozag.
  7850 | D:7      | Found an oddly glowing altar of Pakellas.
  7891 | D:7      | Reached * piety under Cheibriados
  7891 | D:7      | Reached skill level 5 in Fighting
  8018 | D:7      | Noticed Pikel
  8183 | D:7      | Killed Pikel
  8259 | D:7      | Reached skill level 5 in Invocations
  8418 | D:7      | Learned a level 5 spell: Blade Hands
  8837 | D:8      | Reached ** piety under Cheibriados
  8897 | D:8      | Reached XP level 10. HP: 83/83 MP: 13/13
  8962 | D:8      | Noticed Psyche
  8972 | D:8      | Killed Psyche
  9093 | D:8      | Reached skill level 1 in Ice Magic
  9456 | D:8      | Noticed Erica
  9627 | D:8      | Killed Erica
  9890 | D:8      | HP: 4/84 [snapping turtle (21)]
  9896 | D:8      | Mangled by a snapping turtle

Skill      XL: |  1  2  3  4  5  6  7  8  9 10 |
---------------+-------------------------------+-----
Unarmed Combat | 4 5 6 7 8 10 | 10.0
Transmutations | 3 4 6 7 |  7.7
Fighting       | 4 6 |  6.7
Invocations    | 6 7 |  7.2
Ice Magic      | 2 |  2.0
Dodging        | |  1.7
Spellcasting   | |  2.2

Action                   |  1- 3 |  4- 6 |  7- 9 | 10-12 || total
-------------------------+-------+-------+-------+-------++-------
Melee: Unarmed           |   117 |   306 |   489 |    70 ||   982
       Tailslap          |     9 |    34 |    69 |    15 ||   127
       Punch             |       |     7 |    30 |     3 ||    40
       Kick              |       |    13 |    53 |    15 ||    81
       Headbutt          |       |     4 |    43 |     6 ||    53
 Cast: Beastly Appendage |       |    14 |    52 |     8 ||    74
       Sticks to Snakes  |       |       |    11 |     4 ||    15
 Abil: Breathe Lightning |       |       |     3 |       ||     3
Evoke: Wand              |       |       |     1 |     1 ||     2
  Use: Potion            |       |       |     2 |     4 ||     6
       Scroll            |       |       |     8 |     1 ||     9
 Stab: Sleeping          |       |     1 |     1 |     3 ||     5
       Distracted        |       |       |     2 |     1 ||     3
  Eat: Chunk             |       |    11 |    14 |     3 ||    28
       Beef jerky        |       |     1 |       |       ||     1
       Bread ration      |       |       |     1 |     1 ||     2
       Fruit             |       |       |     1 |       ||     1
Armor: Skin              |    29 |    99 |   124 |    35 ||   287
Dodge: Dodged            |    72 |   170 |   223 |    59 ||   524
